TOP OF THE 1ST |
Rochester Red Wings batting - Pitching for Omaha Storm Chasers : LHP Walter Whiteman
|
Pitching: LHP Walter Whiteman
|
|
Batting: RHB Israel Gaona
|
0-0: Called Strike 0-1: Ball 1-1: Ball 2-1: Foul Ball, location: 2F 2-2: Strikes out looking
|
Batting: LHB Israel Montoya
|
0-0: Called Strike 0-1: Ball 1-1: Ball 2-1: Ball 3-1: Called Strike 3-2: Base on Balls
|
Batting: RHB Manuel Juarez
|
0-0: Called Strike 0-1: Ball 1-1: Foul Ball, location: 2F 1-2: Ball 2-2: Strikes out swinging
|
Batting: LHB Kuemon Shishido
|
0-0: Called Strike 0-1: Ball 1-1: Foul Ball, location: 2F 1-2: Foul Ball, location: 2F 1-2: Foul Ball, location: 2F 1-2: DOUBLE (Line Drive, 5D, EV 100.0 MPH) Israel Montoya to third Runner from 3rd tries for Home, SAFE, throw by LF to home
|
Pitching: RHP Sergio Quinones
|
|
Batting: LHB Jayden Thomas
|
0-0: Called Strike 0-1: SINGLE (Groundball, 34D, EV 95.0 MPH) Kuemon Shishido to third Runner from 3rd tries for Home, SAFE, throw by RF to home Jayden Thomas to second
|
Batting: RHB Jose Nunez
|
0-0: Foul Ball, location: 2F 0-1: Foul Ball, location: 2F 0-2: Ball 1-2: Foul Ball, location: 2F 1-2: Strikes out swinging
|
Top of the 1st over - 2 runs, 2 hits, 0 errors, 1 left on base; Rochester 2 - Omaha 0 |
BOTTOM OF THE 1ST |
Omaha Storm Chasers batting - Pitching for Rochester Red Wings : LHP Brian Walters
|
Pitching: LHP Brian Walters
|
|
Batting: SHB Ryoji Hiraoka
|
0-0: DOUBLE (Flyball, 8RXD, EV 111.9 MPH)
|
Batting: LHB Robby Diaz
|
0-0: DOUBLE (Line Drive, 9LM, EV 103.1 MPH) Ryoji Hiraoka scores
|
Batting: LHB Jim Pankratz
|
0-0: Ball 1-0: Called Strike 1-1: Ball 2-1: Called Strike 2-2: Ball 3-2: Strikes out looking
|
Batting: LHB Manny Estrada
|
0-0: Called Strike 0-1: Ball 1-1: Foul Ball, location: 2F 1-2: Foul Ball, location: 2F 1-2: Foul Ball, location: 2F 1-2: SINGLE (Groundball, 34D, EV 98.8 MPH) Robby Diaz to third Runner from 3rd tries for Home, SAFE, throw by RF to home
|
Batting: RHB Walt Cogswell
|
0-0: Ball 1-0: Ball 2-0: Called Strike 2-1: Foul Ball, location: 2F 2-2: Ball 3-2: Fielders Choice at 2nd, 4-6 (Groundball, 4, EV 95.0 MPH)
|
Batting: RHB Eric Sandell
|
0-0: Called Strike 0-1: Ball 1-1: Ball 2-1: Ball Walt Cogswell is caught stealing 2nd base 2-4
|
Bottom of the 1st over - 2 runs, 3 hits, 0 errors, 0 left on base; Rochester 2 - Omaha 2 |
TOP OF THE 2ND |
Rochester Red Wings batting - Pitching for Omaha Storm Chasers : RHP Sergio Quinones
|
Batting: LHB Matt Robertson
|
0-0: Ball 1-0: Foul Ball, location: 2F 1-1: Ball 2-1: Ball 3-1: Base on Balls
|
Batting: RHB Jose Gracia
|
0-0: Ball 1-0: Swinging Strike 1-1: Hit by Pitch Matt Robertson to second
|
Batting: RHB Kenny Reynolds
|
0-0: Ball 1-0: Called Strike 1-1: Swinging Strike 1-2: Foul Ball, location: 2F 1-2: Foul Ball, location: 2F 1-2: Ball 2-2: Foul Ball, location: 2F 2-2: Ball 3-2: Hit by Pitch Matt Robertson to third Jose Gracia to second
|
Batting: RHB Israel Gaona
|
0-0: Called Strike 0-1: Ball 1-1: Ball 2-1: Ball 3-1: Base on Balls Matt Robertson scores Jose Gracia to third Kenny Reynolds to second
|
Batting: LHB Israel Montoya
|
0-0: Grounds out, U3 (Groundball, 3L, EV 81.2 MPH) Jose Gracia scores Kenny Reynolds to third
|
Batting: RHB Manuel Juarez
|
0-0: Ball 1-0: Ball 2-0: Fly out, F9 (Flyball, 9, EV 81.2 MPH)
|
Batting: LHB Kuemon Shishido
|
0-0: Fly out, F3 (Line Drive, 3L, EV 60.6 MPH)
|
Top of the 2nd over - 2 runs, 0 hits, 0 errors, 2 left on base; Rochester 4 - Omaha 2 |
BOTTOM OF THE 2ND |
Omaha Storm Chasers batting - Pitching for Rochester Red Wings : LHP Brian Walters
|
Batting: RHB Eric Sandell
|
0-0: Ball 1-0: Ball 2-0: Foul Ball, location: 2F 2-1: Called Strike 2-2: Strikes out swinging
|
Batting: RHB Yuichi Takata
|
0-0: Ball 1-0: Called Strike 1-1: Ball 2-1: Ball 3-1: Base on Balls
|
Batting: RHB Aaron Matthews
|
0-0: Ball 1-0: Ball 2-0: DOUBLE (Line Drive, 9LM, EV 111.2 MPH) Yuichi Takata to third Runner from 3rd tries for Home, SAFE, no throw by RF
|
Batting: LHB Chris Eaker
|
0-0: Ball 1-0: Ball 2-0: Swinging Strike 2-1: Called Strike 2-2: Strikes out swinging
|
Batting: SHB Ryoji Hiraoka
|
0-0: Foul Ball, location: 2F 0-1: Swinging Strike 0-2: Strikes out swinging
|
Bottom of the 2nd over - 1 run, 1 hit, 0 errors, 1 left on base; Rochester 4 - Omaha 3 |
TOP OF THE 3RD |
Rochester Red Wings batting - Pitching for Omaha Storm Chasers : RHP Sergio Quinones
|
Batting: LHB Jayden Thomas
|
0-0: Foul Ball, location: 2F 0-1: Ground out 4-3 (Groundball, 4, EV 89.4 MPH)
|
Batting: RHB Jose Nunez
|
0-0: Called Strike 0-1: DOUBLE (Line Drive, 7LS, EV 113.1 MPH)
|
Pitching: LHP Gregg Meyers
|
|
Batting: LHB Matt Robertson
|
0-0: Ball 1-0: Swinging Strike 1-1: Ball 2-1: Ground out 6-3 (Groundball, 6M, EV 90.0 MPH) Jose Nunez to third
|
Batting: RHB Jose Gracia
|
0-0: Foul Ball, location: 2F 0-1: Ball 1-1: Ball Wild Pitch! Jose Nunez scores 2-1: Fly out, F7 (Flyball, 7S, EV 91.9 MPH)
|
Top of the 3rd over - 1 run, 1 hit, 0 errors, 0 left on base; Rochester 5 - Omaha 3 |
BOTTOM OF THE 3RD |
Omaha Storm Chasers batting - Pitching for Rochester Red Wings : LHP Brian Walters
|
Batting: LHB Robby Diaz
|
0-0: Fly out, F8 (Flyball, 8RM, EV 96.2 MPH)
|
Batting: LHB Jim Pankratz
|
0-0: Swinging Strike 0-1: Foul Ball, location: 2F 0-2: Ball 1-2: Strikes out swinging
|
Batting: LHB Manny Estrada
|
0-0: Called Strike 0-1: Ball 1-1: Swinging Strike 1-2: Foul Ball, location: 2F 1-2: Ball 2-2: Ground out 4-3 (Groundball, 4, EV 104.4 MPH)
|
Bottom of the 3rd over - 0 runs, 0 hits, 0 errors, 0 left on base; Rochester 5 - Omaha 3 |
TOP OF THE 4TH |
Rochester Red Wings batting - Pitching for Omaha Storm Chasers : LHP Gregg Meyers
|
Batting: RHB Kenny Reynolds
|
0-0: Foul Ball, location: 2F 0-1: Ball 1-1: Ball 2-1: Foul Ball, location: 2F 2-2: Ball 3-2: Foul Ball, location: 2F 3-2: Strikes out swinging
|
Batting: RHB Israel Gaona
|
0-0: Ball 1-0: Fly out, F7 (Line Drive, 78M, EV 94.4 MPH)
|
Batting: LHB Israel Montoya
|
0-0: Called Strike 0-1: Ball 1-1: Foul Ball, location: 2F 1-2: Strikes out swinging
|
Top of the 4th over - 0 runs, 0 hits, 0 errors, 0 left on base; Rochester 5 - Omaha 3 |
BOTTOM OF THE 4TH |
Omaha Storm Chasers batting - Pitching for Rochester Red Wings : LHP Brian Walters
|
Batting: RHB Walt Cogswell
|
0-0: Fly out, F9 (Flyball, 9LM, EV 105.6 MPH)
|
Batting: RHB Eric Sandell
|
0-0: Foul Ball, location: 2F 0-1: Ball 1-1: DOUBLE (Line Drive, 78D, EV 101.2 MPH)
|
Batting: RHB Yuichi Takata
|
0-0: Ball 1-0: Swinging Strike 1-1: Ball Wild Pitch! Eric Sandell to third 2-1: Called Strike 2-2: SINGLE (Groundball, 34D, EV 100.0 MPH) Eric Sandell scores
|
Batting: RHB Aaron Matthews
|
0-0: Ball 1-0: Foul Ball, location: 2F 1-1: Called Strike 1-2: Strikes out swinging
|
Batting: LHB Chris Eaker
|
0-0: Ball 1-0: Ball 2-0: Called Strike 2-1: SINGLE (Line Drive, 6D, EV 111.9 MPH) Yuichi Takata to second
|
Batting: SHB Ryoji Hiraoka
|
0-0: SINGLE (Flyball, 4MD, EV 89.4 MPH) Yuichi Takata to third Chris Eaker to second Runner from 3rd tries for Home, SAFE, throw by CF to home
|
Pitching: RHP Carlos Palacios
|
|
Batting: LHB Robby Diaz
|
0-0: Ball 1-0: Ball 2-0: Foul Ball, location: 2F 2-1: Ball 3-1: Called Strike 3-2: Strikes out swinging
|
Bottom of the 4th over - 2 runs, 4 hits, 0 errors, 2 left on base; Rochester 5 - Omaha 5 |
TOP OF THE 5TH |
Rochester Red Wings batting - Pitching for Omaha Storm Chasers : LHP Gregg Meyers
|
Batting: RHB Manuel Juarez
|
0-0: Foul Ball, location: 2F 0-1: Ball 1-1: Called Strike 1-2: Foul Ball, location: 2F 1-2: Ball 2-2: Ball 3-2: Strikes out swinging
|
Batting: LHB Kuemon Shishido
|
0-0: Ball 1-0: Foul Ball, location: 2F 1-1: Ball 2-1: Ball 3-1: Foul Ball, location: 2F 3-2: Foul Ball, location: 2F 3-2: Base on Balls
|
Pitching: RHP Andy Rodriguez
|
|
Batting: LHB Jayden Thomas
|
0-0: Called Strike 0-1: Ball 1-1: Ball Wild Pitch! Kuemon Shishido to second 2-1: Ball 3-1: Fly out, F9 (Flyball, 9, EV 93.1 MPH)
|
Batting: RHB Jose Nunez
|
0-0: Called Strike 0-1: Fly out, F9 (Flyball, 89S, EV 84.4 MPH)
|
Top of the 5th over - 0 runs, 0 hits, 0 errors, 1 left on base; Rochester 5 - Omaha 5 |
BOTTOM OF THE 5TH |
Omaha Storm Chasers batting - Pitching for Rochester Red Wings : RHP Carlos Palacios
|
Batting: LHB Jim Pankratz
|
0-0: Ground out 4-3 (Groundball, 4M, EV 85.6 MPH)
|
Batting: LHB Manny Estrada
|
0-0: Ball 1-0: Ball 2-0: Ball 3-0: Base on Balls
|
Batting: RHB Walt Cogswell
|
0-0: Called Strike 0-1: Called Strike 0-2: Ball 1-2: Ball 2-2: Foul Ball, location: 2F 2-2: Ball 3-2: Foul Ball, location: 2F 3-2: Fielders Choice at 2nd, 6-4 (Groundball, 6S, EV 91.2 MPH)
|
Batting: RHB Eric Sandell
|
0-0: Called Strike Walt Cogswell steals 2nd base (no throw) 0-1: Ball 1-1: Ground out U3 (Groundball, 3S, EV 74.4 MPH)
|
Bottom of the 5th over - 0 runs, 0 hits, 0 errors, 1 left on base; Rochester 5 - Omaha 5 |
TOP OF THE 6TH |
Rochester Red Wings batting - Pitching for Omaha Storm Chasers : RHP Andy Rodriguez
|
Batting: LHB Matt Robertson
|
0-0: Foul Ball, location: 2F 0-1: Foul Ball, location: 2F 0-2: Ball 1-2: Foul Ball, location: 2F 1-2: Ball 2-2: Ball 3-2: Fly out, F6 (Flyball, 6D, EV 83.1 MPH)
|
Batting: RHB Jose Gracia
|
0-0: Called Strike 0-1: Swinging Strike 0-2: Ball 1-2: Strikes out swinging
|
Batting: RHB Kenny Reynolds
|
0-0: Ball 1-0: Foul Ball, location: 2F 1-1: Called Strike 1-2: Strikes out swinging
|
Top of the 6th over - 0 runs, 0 hits, 0 errors, 0 left on base; Rochester 5 - Omaha 5 |
BOTTOM OF THE 6TH |
Omaha Storm Chasers batting - Pitching for Rochester Red Wings : RHP Carlos Palacios
|
Batting: RHB Yuichi Takata
|
0-0: Called Strike 0-1: Ball 1-1: Called Strike 1-2: Ball 2-2: Foul Ball, location: 2F 2-2: Ground out 4-3 (Groundball, 4, EV 110.0 MPH)
|
Batting: RHB Aaron Matthews
|
0-0: Swinging Strike 0-1: SINGLE (Line Drive, 4MD, EV 98.8 MPH)
|
Pitching: RHP George Cooper
|
|
Batting: LHB Chris Eaker
|
0-0: Ball 1-0: SINGLE (Groundball, 56, EV 98.1 MPH) Aaron Matthews to second Runner from 2nd tries for 3rd, SAFE, throw by LF made to third
|
Batting: SHB Ryoji Hiraoka
|
0-0: Foul Ball, location: 2F 0-1: Ball 1-1: DOUBLE (Line Drive, 89XD, EV 107.5 MPH) Aaron Matthews scores Chris Eaker to third Runner from 3rd tries for Home, SAFE, no throw by RF
|
Batting: LHB Robby Diaz
|
0-0: Ball 1-0: Ball 2-0: Called Strike 2-1: Ball 3-1: Base on Balls
|
Batting: LHB Jim Pankratz
|
0-0: DOUBLE (Line Drive, 7LM, EV 105.6 MPH) Ryoji Hiraoka scores Robby Diaz to third
|
Batting: LHB Manny Estrada
|
0-0: Called Strike 0-1: Hit by Pitch
|
Batting: RHB Walt Cogswell
|
0-0: Foul Ball, location: 2F 0-1: Foul Ball, location: 2F 0-2: Ball 1-2: Ball 2-2: Fly out, F9 (Flyball, 9S, EV 79.4 MPH)
|
Batting: RHB Eric Sandell
|
0-0: Foul Ball, location: 2F 0-1: Ground out 4-3 (Groundball, 34, EV 95.0 MPH)
|
Bottom of the 6th over - 3 runs, 4 hits, 0 errors, 3 left on base; Rochester 5 - Omaha 8 |
TOP OF THE 7TH |
Rochester Red Wings batting - Pitching for Omaha Storm Chasers : RHP Andy Rodriguez
|
Batting: RHB Israel Gaona
|
0-0: Ball 1-0: DOUBLE (Line Drive, 3D, EV 93.8 MPH)
|
Batting: LHB Israel Montoya
|
0-0: Ground out 4-3 (Groundball, 4M, EV 83.1 MPH) Israel Gaona to third
|
Batting: RHB Manuel Juarez
|
0-0: Ball 1-0: Swinging Strike 1-1: Fly out, F9 (Flyball, 9, EV 88.1 MPH)
|
Batting: LHB Kuemon Shishido
|
0-0: Ball Wild Pitch! Israel Gaona scores 1-0: Called Strike 1-1: Swinging Strike 1-2: Foul Ball, location: 2F 1-2: Foul Ball, location: 2F 1-2: Strikes out swinging
|
Top of the 7th over - 1 run, 1 hit, 0 errors, 0 left on base; Rochester 6 - Omaha 8 |
BOTTOM OF THE 7TH |
Omaha Storm Chasers batting - Pitching for Rochester Red Wings : RHP George Cooper
|
Batting: RHB Yuichi Takata
|
0-0: Foul Ball, location: 2F 0-1: Called Strike 0-2: Foul Ball, location: 2F 0-2: Ball 1-2: Ball 2-2: Ball 3-2: Strikes out swinging
|
Batting: RHB Aaron Matthews
|
0-0: Ball 1-0: Foul Ball, location: 2F 1-1: Ground out 6-3 (Groundball, 6S, EV 84.4 MPH)
|
Batting: LHB Chris Eaker
|
0-0: Ball 1-0: Foul Ball, location: 2F 1-1: DOUBLE (Groundball, 5L, EV 94.4 MPH)
|
Batting: SHB Ryoji Hiraoka
|
0-0: Called Strike 0-1: Called Strike 0-2: Foul Ball, location: 2F 0-2: Ball 1-2: Foul Ball, location: 2F 1-2: Hit by Pitch
|
Batting: LHB Robby Diaz
|
0-0: SINGLE (Groundball, P, EV 91.2 MPH) (infield hit) Chris Eaker to third Ryoji Hiraoka to second
|
Pitching: LHP Inkei Wakamatsu
|
|
Batting: LHB Jim Pankratz
|
0-0: Ball 1-0: Ball 2-0: Ball 3-0: Fly out, F8 (Line Drive, 8RD, EV 91.2 MPH)
|
Bottom of the 7th over - 0 runs, 2 hits, 0 errors, 3 left on base; Rochester 6 - Omaha 8 |
TOP OF THE 8TH |
Rochester Red Wings batting - Pitching for Omaha Storm Chasers : RHP Andy Rodriguez
|
Pitching: RHP Terry Romaine
|
|
Batting: LHB Jayden Thomas
|
0-0: Ball 1-0: Fly out, F6 (Line Drive, 6D, EV 71.9 MPH)
|
Batting: RHB Jose Nunez
|
0-0: Foul Ball, location: 2F 0-1: Fly out, F6 (Popup, 6S, EV 83.8 MPH)
|
Batting: LHB Matt Robertson
|
0-0: Called Strike 0-1: Called Strike 0-2: Ball 1-2: Strikes out swinging
|
Top of the 8th over - 0 runs, 0 hits, 0 errors, 0 left on base; Rochester 6 - Omaha 8 |
BOTTOM OF THE 8TH |
Omaha Storm Chasers batting - Pitching for Rochester Red Wings : LHP Inkei Wakamatsu
|
Pitching: RHP Juan Gomez
|
|
Batting: LHB Manny Estrada
|
0-0: Ball 1-0: Fly out, F4 (Line Drive, 34, EV 85.0 MPH)
|
DELAY
|
Rain delay of 19 minutes in the 8th inning.
|
Batting: RHB Walt Cogswell
|
0-0: Foul Ball, location: 2F 0-1: Foul Ball, location: 2F 0-2: Ball 1-2: Strikes out swinging
|
Batting: RHB Eric Sandell
|
0-0: Called Strike 0-1: Ball 1-1: Ball 2-1: Ball 3-1: Foul Ball, location: 2F 3-2: Base on Balls
|
Batting: RHB Yuichi Takata
|
0-0: Ball 1-0: Called Strike 1-1: Ball 2-1: Called Strike 2-2: Foul Ball, location: 2F 2-2: Ball 3-2: Strikes out looking
|
Bottom of the 8th over - 0 runs, 0 hits, 0 errors, 1 left on base; Rochester 6 - Omaha 8 |
TOP OF THE 9TH |
Rochester Red Wings batting - Pitching for Omaha Storm Chasers : RHP Terry Romaine
|
Batting: RHB Jose Gracia
|
0-0: Ball 1-0: Ball 2-0: Called Strike 2-1: Swinging Strike 2-2: Strikes out swinging
|
Pinch Hitting: RHB Graham Calvert
|
0-0: Called Strike 0-1: Foul Ball, location: 2F 0-2: Strikes out swinging
|
Batting: RHB Israel Gaona
|
0-0: Swinging Strike 0-1: Swinging Strike 0-2: Ball 1-2: Foul Ball, location: 2F 1-2: Strikes out swinging
|
Top of the 9th over - 0 runs, 0 hits, 0 errors, 0 left on base; Rochester 6 - Omaha 8 |
|